EL
MIDLAND ROCKHOUNDS @ BOWIE BAYSOX
07/28/2047
 
TOP OF THE 1ST
Midland RockHounds batting - Pitching for Bowie Baysox : RHP Nick Hoag
Pitching: RHP Nick Hoag
Batting: LHB Tomas Segarra 0-0: Swinging Strike
0-1: Ball
1-1: Bunt for hit to 56S - play at first, batter OUT! 1-3
Batting: SHB Robert Santiago 0-0: Swinging Strike
0-1: Ball
1-1: Called Strike
1-2: Ball
2-2: Ball
3-2: Base on Balls
Batting: LHB Alan Bianchard 0-0: Ball
Robert Santiago steals 2nd base (no throw)
1-0: Foul Ball, location: 2F
1-1: Foul Ball, location: 2F
1-2: Ball
2-2: Strikes out swinging
Batting: RHB Scott Wiggs 0-0: Called Strike
0-1: SINGLE (Groundball, 34D, EV 102.5 MPH)
Robert Santiago to third
Runner from 3rd tries for Home, SAFE, throw by RF to home
Scott Wiggs to second
Batting: LHB Nick Pacheco 0-0: Foul Ball, location: 2F
0-1: Foul Ball, location: 2F
0-2: Strikes out looking
Top of the 1st over - 1 run, 1 hit, 0 errors, 1 left on base; Midland 1 - Bowie 0
BOTTOM OF THE 1ST
Bowie Baysox batting - Pitching for Midland RockHounds : LHP John Salzmann
Pitching: LHP John Salzmann
Batting: LHB Tsutomu Miyahara 0-0: SINGLE (Groundball, 4M, EV 92.5 MPH) (infield hit)
Batting: RHB Travis Leonard 0-0: Ball
1-0: Called Strike
Tsutomu Miyahara is caught stealing 2nd base 2-4
1-1: Foul Ball, location: 2F
1-2: Ground out 1-3 (Groundball, 15S, EV 73.8 MPH)
Batting: RHB Muneer Maudad 0-0: Ground out U3 (Groundball, 34S, EV 83.1 MPH)
Bottom of the 1st over - 0 runs, 1 hit, 0 errors, 0 left on base; Midland 1 - Bowie 0
TOP OF THE 2ND
Midland RockHounds batting - Pitching for Bowie Baysox : RHP Nick Hoag
Batting: RHB Jonathan Gallup 0-0: Ball
1-0: Ball
2-0: Ball
3-0: Called Strike
3-1: Foul Ball, location: 2F
3-2: Reached on error, E5 (Groundball, 56S, EV 90.6 MPH)
Batting: SHB Ryan Chicoine 0-0: Ball
1-0: Ball
2-0: Ball
3-0: Called Strike
3-1: Base on Balls
Jonathan Gallup to second
Batting: RHB Todd Vanasco 0-0: Foul Ball, location: 2F
0-1: Ball
1-1: Fly out, F9 (Flyball, 9, EV 80.6 MPH)
Batting: LHB Jose Mojica 0-0: Called Strike
0-1: Ball
1-1: Foul Ball, location: 2F
1-2: Fielders Choice at 2nd, 4-6 (Groundball, 34, EV 88.1 MPH)
Jonathan Gallup to third
Batting: LHB Tomas Segarra 0-0: Ball
1-0: Called Strike
1-1: Ball
2-1: Reached via error on a dropped throw from 2B, E3 (Groundball, 4, EV 92.5 MPH)
Jonathan Gallup scores
Jose Mojica to second
Batting: SHB Robert Santiago 0-0: Foul Ball, location: 2F
0-1: Ball
1-1: Swinging Strike
1-2: Foul Ball, location: 2F
1-2: Ball
2-2: SINGLE (Line Drive, 8LS, EV 98.8 MPH)
Jose Mojica to third
Tomas Segarra to second
Runner from 3rd tries for Home, SAFE, throw by CF to home
Batting: LHB Alan Bianchard 0-0: Foul Ball, location: 2F
0-1: Ball
1-1: SINGLE (Groundball, 4MD, EV 95.0 MPH)
Tomas Segarra to third
Robert Santiago to second
Runner from 3rd tries for Home, SAFE, throw by CF to home
Batting: RHB Scott Wiggs 0-0: Ball
1-0: Ball
2-0: Called Strike
2-1: Foul Ball, location: 2F
2-2: Foul Ball, location: 2F
2-2: 3-RUN HOME RUN (Flyball, 7D, EV 99.4 MPH), Distance : 383 ft
Pitching: LHP Ace Ventura
Batting: LHB Nick Pacheco 0-0: Ball
1-0: Called Strike
1-1: Called Strike
1-2: SINGLE (Groundball, 6, EV 99.4 MPH)
Batting: RHB Jonathan Gallup 0-0: Called Strike
0-1: Ball
1-1: Ball
2-1: Fly out, F8 (Flyball, 8RD, EV 103.1 MPH)
Top of the 2nd over - 6 runs, 4 hits, 2 errors, 1 left on base; Midland 7 - Bowie 0
BOTTOM OF THE 2ND
Bowie Baysox batting - Pitching for Midland RockHounds : LHP John Salzmann
Batting: RHB Ken Jenkins 0-0: Called Strike
0-1: Ball
1-1: Swinging Strike
1-2: Foul Ball, location: 2F
1-2: Strikes out swinging
Batting: LHB Matt Patnaude 0-0: Foul Ball, location: 2F
0-1: Ground out 5-3 (Groundball, 56S, EV 66.2 MPH)
Batting: SHB Ben Pierce 0-0: Called Strike
0-1: Ball
1-1: SINGLE (Line Drive, 4M, EV 115.6 MPH)
Batting: RHB Edwin Ramos 0-0: Ball
1-0: Called Strike
1-1: Called Strike
1-2: Strikes out swinging
Bottom of the 2nd over - 0 runs, 1 hit, 0 errors, 1 left on base; Midland 7 - Bowie 0
TOP OF THE 3RD
Midland RockHounds batting - Pitching for Bowie Baysox : LHP Ace Ventura
Batting: SHB Ryan Chicoine 0-0: Foul Ball, location: 2F
0-1: Called Strike
0-2: Foul Ball, location: 2F
0-2: Foul Ball, location: 2F
0-2: Foul Ball, location: 2F
0-2: Strikes out swinging
Batting: RHB Todd Vanasco 0-0: Ball
1-0: SINGLE (Line Drive, 4MD, EV 94.4 MPH)
Batting: LHB Jose Mojica 0-0: Foul Ball, location: 2F
0-1: Swinging Strike
0-2: Ball
1-2: Ball
2-2: Foul Ball, location: 2F
2-2: DOUBLE (Line Drive, 7LM, EV 111.2 MPH)
Todd Vanasco to third
Batting: LHB Tomas Segarra 0-0: Called Strike
0-1: Ball
1-1: Hit by Pitch
Batting: SHB Robert Santiago 0-0: Called Strike
0-1: Foul Ball, location: 2F
0-2: Strikes out swinging
Batting: LHB Alan Bianchard 0-0: Called Strike
0-1: Foul Ball, location: 2F
0-2: Strikes out swinging
Top of the 3rd over - 0 runs, 2 hits, 0 errors, 3 left on base; Midland 7 - Bowie 0
BOTTOM OF THE 3RD
Bowie Baysox batting - Pitching for Midland RockHounds : LHP John Salzmann
Batting: LHB Jose Chinchilla 0-0: Ground out 3-1 (Groundball, 34, EV 86.2 MPH)
Batting: RHB Andrew Korman 0-0: SINGLE (Groundball, 56S, EV 68.8 MPH) (infield hit)
Batting: LHB Tsutomu Miyahara 0-0: Ball
1-0: Ball
2-0: Called Strike
2-1: Fielders Choice at 2nd, 3-6 (Groundball, 34S, EV 80.0 MPH)
Batting: RHB Travis Leonard 0-0: Ball
Tsutomu Miyahara steals 2nd, throwing error, E2
Tsutomu Miyahara to third
1-0: Ball
2-0: Ground out 6-3 (Groundball, 6, EV 87.5 MPH)
Bottom of the 3rd over - 0 runs, 1 hit, 1 error, 1 left on base; Midland 7 - Bowie 0
TOP OF THE 4TH
Midland RockHounds batting - Pitching for Bowie Baysox : LHP Ace Ventura
Batting: RHB Scott Wiggs 0-0: Fly out, F8 (Line Drive, 8RM, EV 96.9 MPH)
Batting: LHB Nick Pacheco 0-0: Ball
1-0: Called Strike
1-1: Ball
2-1: Fly out, F9 (Flyball, 9S, EV 93.8 MPH)
Batting: RHB Jonathan Gallup 0-0: Swinging Strike
0-1: Foul Ball, location: 2F
0-2: Foul Ball, location: 2F
0-2: Fly out, F9 (Flyball, 9D, EV 105.6 MPH)
Top of the 4th over - 0 runs, 0 hits, 0 errors, 0 left on base; Midland 7 - Bowie 0
BOTTOM OF THE 4TH
Bowie Baysox batting - Pitching for Midland RockHounds : LHP John Salzmann
Batting: RHB Muneer Maudad 0-0: Foul Ball, location: 2F
0-1: Swinging Strike
0-2: Foul Ball, location: 2F
0-2: SOLO HOME RUN (Flyball, 7D, EV 98.8 MPH), Distance : 383 ft
Batting: RHB Ken Jenkins 0-0: Ground out 5-3 (Groundball, 56S, EV 71.2 MPH)
Batting: LHB Matt Patnaude 0-0: Swinging Strike
0-1: Ball
1-1: Ball
2-1: Swinging Strike
2-2: Foul Ball, location: 2F
2-2: Strikes out swinging
Batting: SHB Ben Pierce 0-0: Called Strike
0-1: Ball
1-1: Swinging Strike
1-2: Strikes out swinging
Bottom of the 4th over - 1 run, 1 hit, 0 errors, 0 left on base; Midland 7 - Bowie 1
TOP OF THE 5TH
Midland RockHounds batting - Pitching for Bowie Baysox : LHP Ace Ventura
Batting: SHB Ryan Chicoine 0-0: Foul Ball, location: 2F
0-1: Swinging Strike
0-2: Ball
1-2: Foul Ball, location: 2F
1-2: Ball
2-2: Foul Ball, location: 2F
2-2: Strikes out swinging
Batting: RHB Todd Vanasco 0-0: Ball
1-0: Fly out, F9 (Flyball, 9S, EV 90.6 MPH)
Batting: LHB Jose Mojica 0-0: Ground out U3 (Groundball, 3L, EV 84.4 MPH)
Top of the 5th over - 0 runs, 0 hits, 0 errors, 0 left on base; Midland 7 - Bowie 1
BOTTOM OF THE 5TH
Bowie Baysox batting - Pitching for Midland RockHounds : LHP John Salzmann
Batting: RHB Edwin Ramos 0-0: Called Strike
0-1: Ball
1-1: Ground out 5-3 (Groundball, 56, EV 102.5 MPH)
Batting: LHB Jose Chinchilla 0-0: Called Strike
0-1: Ground out U3 (Groundball, 34S, EV 78.8 MPH)
Batting: RHB Andrew Korman 0-0: Ball
1-0: Ball
2-0: Ball
3-0: Ground out 1-3 (Groundball, P, EV 71.2 MPH)
Bottom of the 5th over - 0 runs, 0 hits, 0 errors, 0 left on base; Midland 7 - Bowie 1
TOP OF THE 6TH
Midland RockHounds batting - Pitching for Bowie Baysox : LHP Ace Ventura
Batting: LHB Tomas Segarra 0-0: Ground out 4-3 (Groundball, 4S, EV 81.2 MPH)
Batting: SHB Robert Santiago 0-0: Ball
1-0: Ball
2-0: Ground out 5-3 (Groundball, 56, EV 100.6 MPH)
Batting: LHB Alan Bianchard 0-0: Ball
1-0: Ground out 2-3 (Groundball, 13S, EV 70.6 MPH)
Top of the 6th over - 0 runs, 0 hits, 0 errors, 0 left on base; Midland 7 - Bowie 1
BOTTOM OF THE 6TH
Bowie Baysox batting - Pitching for Midland RockHounds : LHP John Salzmann
Batting: LHB Tsutomu Miyahara 0-0: Swinging Strike
0-1: Ball
1-1: Ball
2-1: Ball
3-1: Ground out U3 (Groundball, 3, EV 104.4 MPH)
Batting: RHB Travis Leonard 0-0: Called Strike
0-1: Ball
1-1: SINGLE (Groundball, 34D, EV 101.2 MPH)
Batting: RHB Muneer Maudad 0-0: Called Strike
0-1: Grounds into double play, 5-4-3 (Groundball, 56S, EV 88.1 MPH)
Bottom of the 6th over - 0 runs, 1 hit, 0 errors, 0 left on base; Midland 7 - Bowie 1
TOP OF THE 7TH
Midland RockHounds batting - Pitching for Bowie Baysox : LHP Ace Ventura
Pitching: RHP Brent Widder
Batting: RHB Scott Wiggs 0-0: Ball
1-0: Foul Ball, location: 2F
1-1: Fly out, F9 (Line Drive, 9, EV 88.8 MPH)
Batting: LHB Nick Pacheco 0-0: SINGLE (Groundball, 34D, EV 103.8 MPH)
Batting: RHB Jonathan Gallup Pickoff Throw to First - Out! 1-3
0-0: Called Strike
0-1: Ball
1-1: Ball
2-1: Ball
3-1: Base on Balls
Batting: SHB Ryan Chicoine 0-0: Called Strike
0-1: Hit by Pitch
Jonathan Gallup to second
Batting: RHB Todd Vanasco 0-0: Ball
1-0: Ball
2-0: Ball
3-0: Base on Balls
Jonathan Gallup to third
Ryan Chicoine to second
Batting: LHB Jose Mojica 0-0: Ball
1-0: Ground out 4-3 (Groundball, 34, EV 99.4 MPH)
Top of the 7th over - 0 runs, 1 hit, 0 errors, 3 left on base; Midland 7 - Bowie 1
BOTTOM OF THE 7TH
Bowie Baysox batting - Pitching for Midland RockHounds : LHP John Salzmann
Batting: RHB Ken Jenkins 0-0: Ground out U3 (Groundball, 3L, EV 84.4 MPH)
Batting: LHB Matt Patnaude 0-0: Ball
1-0: Ball
2-0: Ball
3-0: Called Strike
3-1: Foul Ball, location: 2F
3-2: Foul Ball, location: 2F
3-2: Ground out 4-3 (Groundball, 4, EV 91.2 MPH)
Batting: SHB Ben Pierce 0-0: Called Strike
0-1: Called Strike
0-2: Foul Ball, location: 2F
0-2: Ball
1-2: Foul Ball, location: 2F
1-2: Ball
2-2: Foul Ball, location: 2F
2-2: Foul Ball, location: 2F
2-2: Foul Ball, location: 2F
2-2: Ball
3-2: Ground out 4-3 (Groundball, 4, EV 110.0 MPH)
Bottom of the 7th over - 0 runs, 0 hits, 0 errors, 0 left on base; Midland 7 - Bowie 1
TOP OF THE 8TH
Midland RockHounds batting - Pitching for Bowie Baysox : RHP Brent Widder
Batting: LHB Tomas Segarra 0-0: Called Strike
0-1: Called Strike
0-2: Ball
1-2: Ball
2-2: Foul Ball, location: 2F
2-2: Strikes out swinging
Batting: SHB Robert Santiago 0-0: Foul Ball, location: 2F
0-1: Ball
1-1: Ball
2-1: Swinging Strike
2-2: Strikes out swinging
Batting: LHB Alan Bianchard 0-0: Called Strike
0-1: Ball
1-1: Called Strike
1-2: Ball
2-2: Ball
3-2: Foul Ball, location: 2F
3-2: Ground out 6-3 (Groundball, 6, EV 83.8 MPH)
Top of the 8th over - 0 runs, 0 hits, 0 errors, 0 left on base; Midland 7 - Bowie 1
BOTTOM OF THE 8TH
Bowie Baysox batting - Pitching for Midland RockHounds : LHP John Salzmann
Batting: RHB Edwin Ramos 0-0: Foul Ball, location: 2F
0-1: Foul Ball, location: 2F
0-2: Ball
1-2: Foul Ball, location: 2F
1-2: Ball
2-2: Foul Ball, location: 2F
2-2: Foul Ball, location: 2F
2-2: Strikes out swinging
Pinch Hitting: RHB Travis Carter 0-0: Foul Ball, location: 2F
0-1: Ball
1-1: Fly out, F7 (Flyball, 7, EV 87.5 MPH)
Batting: RHB Andrew Korman 0-0: Foul Ball, location: 2F
0-1: SINGLE (Groundball, 6M, EV 90.6 MPH) (infield hit)
Batting: LHB Tsutomu Miyahara 0-0: Ball
1-0: Fielders Choice at 2nd, 6-4 (Groundball, 6, EV 87.5 MPH)
Bottom of the 8th over - 0 runs, 1 hit, 0 errors, 1 left on base; Midland 7 - Bowie 1
TOP OF THE 9TH
Midland RockHounds batting - Pitching for Bowie Baysox : RHP Brent Widder
Now at 3B: Travis Carter
Batting: RHB Scott Wiggs 0-0: Called Strike
0-1: Foul Ball, location: 2F
0-2: Fly out, F9 (Flyball, 9, EV 85.0 MPH)
Batting: LHB Nick Pacheco 0-0: Ball
1-0: Ball
2-0: Ball
3-0: Base on Balls
Batting: RHB Jonathan Gallup 0-0: Ball
1-0: Swinging Strike
1-1: Foul Ball, location: 2F
1-2: Ball
2-2: Hit by Pitch
Nick Pacheco to second
Batting: SHB Ryan Chicoine 0-0: Called Strike
0-1: Ball
1-1: Swinging Strike
1-2: Ball
2-2: Fly out, F5 (Popup, 6S, EV 78.1 MPH)
Batting: RHB Todd Vanasco 0-0: Ball
1-0: Ground out 4-3 (Groundball, 4, EV 85.6 MPH)
Top of the 9th over - 0 runs, 0 hits, 0 errors, 2 left on base; Midland 7 - Bowie 1
BOTTOM OF THE 9TH
Bowie Baysox batting - Pitching for Midland RockHounds : LHP John Salzmann
Batting: RHB Travis Leonard 0-0: Called Strike
0-1: Swinging Strike
0-2: Strikes out swinging
Batting: RHB Muneer Maudad 0-0: Ball
1-0: Ball
2-0: Called Strike
2-1: Ground out 6-3 (Groundball, 6, EV 87.5 MPH)
Batting: RHB Ken Jenkins 0-0: Ball
1-0: Called Strike
1-1: SINGLE (Groundball, 4S, EV 73.1 MPH) (infield hit)
Batting: LHB Matt Patnaude 0-0: Ball
1-0: Ball
2-0: Foul Ball, location: 2F
2-1: Ball
3-1: Base on Balls
Ken Jenkins to second
Pitching: LHP Andy Silveira
Batting: SHB Ben Pierce 0-0: Swinging Strike
0-1: Ball
1-1: Foul Ball, location: 2F
1-2: Strikes out swinging
Bottom of the 9th over - 0 runs, 1 hit, 0 errors, 2 left on base; Midland 7 - Bowie 1
Thursday, December 15th , 2022 - OOTP Baseball 23.9 Build 102